 Dungeon Crawl Stone Soup version 0.30.1-11-g7821555f0a (webtiles) character file.

Game seed: 354948084030939038

1115 Heoruswealwe the Thaumaturge (level 8, 0/41 HPs)
             Began as a Deep Elf Conjurer on Dec 15, 2023.
             Was a Believer of Vehumet.
             Slain by an ice beast (1 damage)
             ... on level 6 of the Dungeon.
             The game lasted 00:48:10 (3954 turns).

Heoruswealwe the Thaumaturge (Deep Elf Conjurer)    Turns: 3954, Time: 00:48:15

Health: 0/41       AC:  4    Str: 10    XL:     8   Next: 12%
Magic:  8/23       EV: 12    Int: 26    God:    Vehumet [**....]
Gold:   377        SH:  0    Dex: 13    Spells: 5/25 levels left

rFire   . . .        a - +10 falchion of Courage {heavy, rElec rC++ rN+++ Stlth-}
rCold   + + .        (no shield)
rNeg    + + +        c - +0 robe
rPois   .            (no helmet)
rElec   +            h - +0 cloak
rCorr   .            f - +0 pair of gloves
SInv    .            (no boots)
Will    .....        (no amulet)
Stlth   +            k - +6 ring of strength
HPRegen 0.26/turn    (no ring)
MPRegen 0.18/turn

%: no passive effects
@: mighty, lethally poisoned (0 -> -16), very slightly contaminated, hasted,
very quick
A: no striking features
a: Renounce Religion


You were on level 6 of the Dungeon.
You worshipped Vehumet.
Vehumet was pleased with you.
You visited 2 branches of the dungeon, and saw 7 of its levels.

You collected 377 gold pieces.

Inventory:

Hand Weapons
 a - the +10 falchion of Courage (weapon) {heavy, rElec rC++ rN+++ Stlth-}
   (You found it on level 5 of the Dungeon)

   rC:        It greatly protects you from cold.
   rElec:     It insulates you from electricity.
   rN:        It renders you almost immune to negative energy.
   Stlth:     It makes you less stealthy.
 b - a +0 scythe
Armour
 c - a +0 robe (worn)
 f - a +0 pair of gloves (worn)
 h - a +0 cloak (worn)
 o - a +0 robe
Jewellery
 k - a +6 ring of strength (left hand)
Wands
 j - a wand of mindburst (9)
 B - a wand of digging (6)
Scrolls
 e - a scroll of summoning
 l - a scroll of enchant armour {unknown}
 p - a scroll of immolation
 r - 2 scrolls of magic mapping
 s - 2 scrolls of fear
 t - a scroll of brand weapon
 w - a scroll of torment {unknown}
 x - 3 scrolls of vulnerability {unknown}
 D - a scroll of enchant weapon {unknown}
 E - a scroll of amnesia {unknown}
Potions
 d - 3 potions of haste
 g - 3 potions of attraction {unknown}
 i - a potion of curing {unknown}
 m - 3 potions of flight {unknown}
 n - a potion of cancellation {unknown}
 q - 2 potions of mutation {unknown}
 u - 3 potions of might
 v - a potion of invisibility {unknown}
 y - 2 potions of lignification {unknown}
 z - 2 potions of ambrosia {unknown}
 A - 2 potions of resistance {unknown}
 C - 2 potions of magic
 F - 2 potions of berserk rage {unknown}
 G - a potion of heal wounds {unknown}


   Skills:
 - Level 2.4 Dodging
 - Level 2.4 Stealth
 + Level 9.3 Spellcasting
 + Level 8.7 Conjurations


You had 5 spell levels left.
You knew the following spells:

 Your Spells              Type           Power      Damage    Failure   Level
a - Magic Dart            Conj           100%       1d8       1%          1
b - Shock                 Conj/Air       100%       1d9       1%          1
c - Searing Ray           Conj           100%       2d8       1%          2
d - Momentum Strike       Conj/Tloc      68%        3d9       1%          2
e - Dazzling Flash        Conj/Hex       68%        N/A       2%          3
f - Mephitic Cloud        Conj/Pois/Air  27%        N/A       4%          3
g - Fulminant Prism       Conj/Hex       17%        3d10      9%          4
h - Iskenderun's Mystic   Conj/Tloc      34%        2d8       9%          4

Your spell library contained the following spells:

 Spells                   Type           Power      Damage    Failure   Level
 Static Discharge         Conj/Air       68%        2-5/arc   1%          2
 Apportation              Tloc           24%        N/A       4%          1
 Necrotise                Necr           48%        1d6       4%          1
 Summon Small Mammal      Summ           48%        N/A       4%          1
 Call Imp                 Summ           24%        N/A       8%          2
 Ozocubu's Armour         Ice            12%        N/A       14%         3
 Vampiric Draining        Necr           12%        2d6       14%         3
 Agony                    Necr           12%        N/A       80%         5
 Ozocubu's Refrigeration  Ice            6%         4d8       100%        7


Dungeon Overview and Level Annotations

Branches:
Dungeon (6/15)             Temple (1/1) D:5

Altars:
Ashenzari
Dithmenos
Elyvilon
Fedhas
Gozag
Hepliaklqana
Kikubaaqudgha
Makhleb
Nemelex Xobeh
Okawaru
Qazlal
Sif Muna
Trog
Uskayaw
Vehumet
Wu Jian
Yredelemnul
Zin
The Shining One

Shops:
D:4 (


Message History

You are lethally poisoned!
The killer bee poisons you!
Your fulminant prism crackles loudly.
A frilled lizard comes into view.
The killer bee stings you. The killer bee barely misses you.
It was a potion of haste.
You feel yourself speed up.
* * * LOW HITPOINT WARNING * * *
You feel very sick. The killer bee completely misses you.
The killer bee barely misses you.
Your fulminant prism explodes!
The blast of energy engulfs the ice beast!
The ice beast is heavily wounded.
The blast of energy engulfs the killer bee!
You kill the killer bee!
Vehumet accepts your kill.
You feel your power returning.
The blast of energy engulfs the killer bee!
The killer bee is severely wounded.
The blast of energy engulfs the killer bee!
You kill the killer bee!
Vehumet accepts your kill.
You feel your power returning.
The blast of energy engulfs the killer bee!!
You kill the killer bee!
Vehumet accepts your kill.
You feel your power returning.
The blast of energy engulfs the killer bee.
The killer bee is moderately wounded.
The killer bee stings you but does no damage.
You hear a shout!
You hear an angry hiss. x2
You have reached level 8!
You feel clever.
It was a potion of might.
You feel very mighty all of a sudden.
* * * LOW HITPOINT WARNING * * *
You feel sick. The killer bee stings you.
* * * LOW HITPOINT WARNING * * *
You are more poisoned.
The killer bee poisons you! The ice beast hits you.
You die...

#.###.###..#
###.....#### .
#.#.### ..
#.._..# ...
###.#.# ....
#.....# .....
###.###
.l..†.###.##
.....yy@)..###
..†...Y......#
.....[########
...... .....
..... ....
....


You could see an ice beast, 2 killer bees and a frilled lizard.

Vanquished Creatures
  Sigmund (D:5)
  A kobold brigand (D:6)
  A bullfrog (D:6)
  3 scorpions
  4 killer bees (D:6)
  A howler monkey (D:2)
  2 orc priests
  4 hounds
  A gnoll bouda (D:5)
  A sleepcap (D:5)
  An orc wizard (D:5)
  4 gnolls (D:5)
  3 adders
  4 worms
  2 dart slugs
  12 orcs
  5 endoplasms
  4 giant cockroaches
  5 hobgoblins
  17 kobolds
  4 quokkas
  11 ball pythons
  4 bats
  5 frilled lizards
  4 goblins
  5 rats
109 creatures vanquished.

Vanquished Creatures (others)
  A fulminant prism (D:6)
1 creature vanquished.

Grand Total: 110 creatures vanquished

Notes
Turn   | Place    | Note
-------+----------+-------------------------------------------
     0 | D:1      | Heoruswealwe the Deep Elf Conjurer began the quest for the
                  | Orb.
     0 | D:1      | Reached XP level 1. HP: 10/10 MP: 6/6
   273 | D:1      | Reached XP level 2. HP: 15/15 MP: 3/8
   279 | D:1      | Learned a level 2 spell: Searing Ray
   677 | D:2      | Reached skill level 4 in Spellcasting
   681 | D:2      | Reached skill level 5 in Conjurations
   681 | D:2      | Reached XP level 3. HP: 19/19 MP: 2/10
   722 | D:2      | Identified the +1 sling "Jellybane" {heavy, rElec rN+ Str+4
                  | Int-3}
   988 | D:2      | Learned a level 3 spell: Dazzling Flash
  1062 | D:2      | Found a faded altar of an unknown god.
  1136 | D:2      | Prayed at the altar of an unknown god.
  1136 | D:2      | Became a worshipper of Vehumet
  1136 | D:2      | Reached * piety under Vehumet
  1136 | D:2      | Offered knowledge of Shock by Vehumet.
  1139 | D:2      | Learned a level 1 spell: Shock
  1236 | D:3      | Noticed a scorpion
  1245 | D:3      | Killed a scorpion
  1246 | D:3      | Reached skill level 5 in Spellcasting
  1246 | D:3      | Reached XP level 4. HP: 17/24 MP: 0/13
  1254 | D:3      | Learned a level 4 spell: Fulminant Prism
  1790 | D:3      | Reached XP level 5. HP: 28/28 MP: 10/15
  1798 | D:3      | Learned a level 4 spell: Iskenderun's Mystic Blast
  1855 | D:3      | You fall into a shaft and drop 3 floors!
  1881 | D:5      | Entered Level 5 of the Dungeon
  1928 | D:5      | Found a staircase to the Ecumenical Temple.
  1937 | Temple   | Entered the Ecumenical Temple
  2146 | D:4      | Found a hide-covered altar of Uskayaw.
  2182 | D:5      | Noticed Sigmund
  2189 | D:5      | Killed Sigmund
  2189 | D:5      | Offered knowledge of Momentum Strike by Vehumet.
  2190 | D:5      | Reached skill level 6 in Spellcasting
  2190 | D:5      | Reached XP level 6. HP: 32/32 MP: 10/17
  2193 | D:5      | Learned a level 2 spell: Momentum Strike
  2258 | D:4      | Reached ** piety under Vehumet
  2259 | D:4      | Reached skill level 7 in Spellcasting
  2504 | D:4      | Found a sparkling altar of Nemelex Xobeh.
  2694 | D:4      | Reached XP level 7. HP: 34/36 MP: 12/20
  2698 | D:4      | Learned a level 3 spell: Mephitic Cloud
  2731 | D:4      | Found Vetus's Weapon Emporium.
  3560 | D:5      | Found a radiant altar of Vehumet.
  3564 | D:5      | Reached skill level 8 in Spellcasting
  3577 | D:5      | Found an ornate altar of the Wu Jian Council.
  3580 | D:5      | Found a shimmering blue altar of Sif Muna.
  3583 | D:5      | Found a shadowy altar of Dithmenos.
  3589 | D:5      | Identified the +10 falchion of Courage {heavy, rElec rC++
                  | rN+++ Stlth-}
  3805 | D:6      | Offered knowledge of Static Discharge by Vehumet.
  3830 | D:6      | Found an opulent altar of Gozag.
  3950 | D:6      | Reached skill level 9 in Spellcasting
  3954 | D:6      | Reached XP level 8. HP: 9/41 MP: 8/23
  3954 | D:6      | HP: 1/41 [killer bee (6)]
  3954 | D:6      | Slain by an ice beast

Illustrated notes

Levels and vault maps discovered:
D:1:      lightli_molten_gateway, layout_loops_ring, minivault_19
D:2:      layout_rooms, basic_ecumenical_altar, lightli_corner_chamber
D:3:      layout_loops_ring
D:4:      layout_rooms, mainiacjoe_overflow_cross_hatched,
          nicolae_overflow_hidden_temple, serial_shops, shop,
          corexii_checkpoint_a, minmay_misc_feat_five, minivault_27,
          chequers_serial_rivers_micro_a
D:5:      layout_loops_ring, grunt_temple_overflow_cloverleaf, temple_hall,
          nicolae_underground_beach, uniq_sigmund
D:6:      layout_rooms, nicolae_gozag_cash_rules_everything_around_me,
          hangedman_ru_absence, minmay_lizard_king
Temple:   nicolae_temple_x_marks_the_god

Skill      XL: |  1  2  3  4  5  6  7 |
---------------+----------------------+-----
Spellcasting   | 4 5 6 7 9 |  9.3
Conjurations   | 5 6 7 8 |  8.7
Dodging        | |  2.4
Stealth        | |  2.4

Action                     |  1- 3 |  4- 6 |  7- 9 || total
---------------------------+-------+-------+-------++-------
  Melee: Long sword        |    10 |    12 |       ||    22
         Punch             |       |     1 |       ||     1
         Falchion          |       |       |     8 ||     8
   Cast: Magic Dart        |    76 |    61 |    16 ||   153
         Searing Ray       |     2 |     6 |     9 ||    17
         Iskenderun's Myst |       |       |     3 ||     3
         Fulminant Prism   |       |       |     1 ||     1
         Dazzling Flash    |       |       |     1 ||     1
  Evoke: Wand              |       |       |     1 ||     1
    Use: Scroll            |       |       |     6 ||     6
         Potion            |       |       |     2 ||     2
 Armour: Robe              |     2 |     6 |     5 ||    13
  Dodge: Dodged            |     6 |    12 |    19 ||    37
